[Event "*** SCC Grand Prix: Titled Tuesday Blitz"]
[Site "Chess.com"]
[Date "2020.07.07"]
[Round "4"]
[White "PattyCastillo"]
[Black "Matols"]
[Result "0-1"]
[WhiteElo "1943"]
[BlackElo "2173"]
[TimeControl "180+1"]
[EndTime "10:38:41 PDT"]
[Termination "Matols won by checkmate"]

1. d4 Nf6 2. Nf3 e6 3. e3 d5 4. Bd3 c5 5. b3 Nc6 6. Bb2 Bd6 7.
Nbd2 O-O 8. O-O b6 9. Ne5 Bb7 10. a3 Rc8 11. Rc1 Nd7 12. f4 f6 13. Nxd7 Qxd7 14. c4 cxd4 15. exd4 Ne7 16. Qh5 g6 17. Qg4 Nf5 18. Rce1 Rfe8 19. h4 Bf8 20. h5 Qf7 21.
hxg6 hxg6 22. Nf3 Kg7 23. Nh4 Nxh4 24. Qxh4 Bd6 25. f5 exf5 26. c5 bxc5 27. dxc5 Bxc5+ 28. Bd4 Rh8 29. Qf2 Qc7 30. Bxc5 Qh2# 0-1

[Event "*** SCC Grand Prix: Titled Tuesday Blitz"]
[Site "Chess.com"]
[Date "2020.07.07"]
[Round "4"]
[White "KejJaj"]
[Black "CzechmVIII"]
[Result "0-1"]
[WhiteElo "2010"]
[BlackElo "2196"]
[TimeControl "180+1"]
[EndTime "10:38:42 PDT"]
[Termination "CzechmVIII won by resignation"]

1. d4 Nf6 2. Bf4 c5 3. d5 d6 4. Nc3 g6 5. e4 Bg7 6. Nf3 O-O 7.
a4 Bg4 8. h3 Bxf3 9. Qxf3 Nfd7 10.
Be2 Ne5 11. Qg3 Na6 12. h4 Nb4 13. Rc1 e6 14. h5 exd5 15. exd5 Re8 16. hxg6 hxg6 17.
Qh3 Qf6 18. Qh7+ Kf8 19. Be3 Qf5 20. O-O Ng4 21. Bxg4 Qxg4 22. Bh6 Bxh6 23. Qxh6+ Kg8 24. Nb5 Qd7 25. c4 a6 26. Na3 Nd3 27. Rc3 Qf5 28. f3 Re2 29. g4 Qf4 30. Rxd3 Qxh6 0-1

[Event "*** SCC Grand Prix: Titled Tuesday Blitz"]
[Site "Chess.com"]
[Date "2020.07.07"]
[Round "4"]
[White "lucachess49"]
[Black "Mikhail_Golubev"]
[Result "0-1"]
[WhiteElo "2391"]
[BlackElo "2609"]
[TimeControl "180+1"]
[EndTime "10:38:43 PDT"]
[Termination "Mikhail_Golubev won by resignation"]

1. d4 Nf6 2. c4 g6 3. f3 Bg7 4. e4 d6 5. Nc3 O-O 6. Nge2 a6 7. Be3 Nbd7 8. Qd2 b5 9. cxb5 axb5 10.
Nxb5 c6 11. Nbc3 e5 12. Rd1 d5 13. Bh6 Nxe4 14. fxe4 Qh4+ 15. g3 Qxh6 16. Qxh6 Bxh6 17.
exd5 cxd5 18. Bg2 exd4 19. Rxd4 Re8 20. Kd1 Ne5 21. Bxd5 Rb8 22. Bb3 Ng4 23. Kc2 Bf5+ 24. Rd3 Bxd3+ 0-1

[Event "*** SCC Grand Prix: Titled Tuesday Blitz"]
[Site "Chess.com"]
[Date "2020.07.07"]
[Round "4"]
[White "gliglu"]
[Black "Na_binci"]
[Result "1-0"]
[WhiteElo "2404"]
[BlackElo "2133"]
[TimeControl "180+1"]
[EndTime "10:38:43 PDT"]
[Termination "gliglu won on time"]

1. d4 Nf6 2. c4 g6 3. Nf3 Bg7 4. g3 O-O 5. Bg2 d6 6. O-O c5 7. d5 a6 8. Nc3 e5 9. e4 Ne8 10. Ne1 f5 11. Nd3 Nf6 12. f4 exf4 13. Nxf4 fxe4 14. Nxe4 Nxe4 15. Bxe4 Bd4+ 16. Kg2 Qf6 17. Ne6 Qxf1+ 18. Qxf1 Rxf1 19. Kxf1 Bxe6 20. dxe6 Nc6 21. Bf4 Ne5 22. Bxb7 Rb8 23. Bd5 Kg7 24. Rb1 h6 25. b3 g5 26. Bxe5+ Bxe5 27. Ke2 a5 28.
Rf1 Bf6 29. Kd3 a4 30. bxa4 Rb4 31. Bc6 Rb2 32. h4 Rxa2 33. Rb1 Rb2 34. Rxb2 Bxb2 35. e7 1-0

[Event "*** SCC Grand Prix: Titled Tuesday Blitz"]
[Site "Chess.com"]
[Date "2020.07.07"]
[Round "4"]
[White "Angel_Hranitel_37"]
[Black "harkerchess"]
[Result "1-0"]
[WhiteElo "2386"]
[BlackElo "2097"]
[TimeControl "180+1"]
[EndTime "10:38:43 PDT"]
[Termination "Angel_Hranitel_37 won on time"]

1. d4 d5 2. c4 c6 3. cxd5 cxd5 4.
Bg5 Nf6 5. Bxf6 exf6 6. Nc3 Nc6 7. e3 Bb4 8. Ne2 O-O 9. g3 Bf5 10. Bg2 Be4 11. Bxe4 dxe4 12. O-O f5 13. a3 Bxc3 14. Nxc3 g6 15. Rc1 h5 16. Qb3 h4 17. Qxb7 Na5 18.
Qd5 hxg3 19. hxg3 Rb8 20. b4 Qxd5 21. Nxd5 Nb3 22. Rc2 a5 23. Rb1 a4 24. Nf6+ Kg7 25. Nd7 Rfc8 26. Nc5 Rc6 27. Rcb2 Nxc5 28. dxc5 Kf6 29.
Rc2 Rb5 30. Rd1 Ke6 31. Rcd2 1-0

[Event "*** SCC Grand Prix: Titled Tuesday Blitz"]
[Site "Chess.com"]
[Date "2020.07.07"]
[Round "4"]
[White "Alexander_Zubov"]
[Black "Federtiu"]
[Result "1-0"]
[WhiteElo "2945"]
[BlackElo "2566"]
[TimeControl "180+1"]
[EndTime "10:38:45 PDT"]
[Termination "Alexander_Zubov won by resignation"]

1. d4 d5 2. Nf3 Nf6 3. c4 e6 4.
Nc3 c6 5. e3 Nbd7 6. Qc2 a5 7.
b3 Bd6 8. Be2 O-O 9. O-O Re8 10.
Bb2 dxc4 11. bxc4 e5 12. Rad1 exd4 13. Nxd4 Qc7 14. h3 Nc5 15. Ndb5 cxb5 16. Nxb5 Bh2+ 17.
Kh1 Qb8 18. Bxf6 gxf6 19. g3 Bxg3 20. Rg1 Ne4 21. Bd3 Bg4 22. Bxe4 Bxd1 23. Bxh7+ Kh8 24.
Qxd1 Bxf2 25. Qh5 Bxg1 26. Bg6+ 1-0

[Event "*** SCC Grand Prix: Titled Tuesday Blitz"]
[Site "Chess.com"]
[Date "2020.07.07"]
[Round "4"]
[White "TurboSteen"]
[Black "random_mango"]
[Result "0-1"]
[WhiteElo "1966"]
[BlackElo "2372"]
[TimeControl "180+1"]
[EndTime "10:38:46 PDT"]
[Termination "random_mango won on time"]

1. e4 e5 2. Nf3 Nc6 3. Bb5 a6 4. Ba4 Nf6 5. O-O Be7 6. Re1 b5 7. Bb3 d6 8. c3 O-O 9. d4 Bg4 10. d5 Na5 11. Bc2 c6 12. h3 Bc8 13. dxc6 Qc7 14. Nbd2 Qxc6 15. Nf1 Nc4 16. Ng3 Re8 17. Bg5 h6 18. Bc1 Be6 19. b3 Nb6 20. Bb2 Bf8 21. Nh4 g6 22. Qf3 Bg7 23. Rad1 Rad8 24. Rd2 d5 25.
Red1 Nxe4 26. Nxe4 dxe4 27. Bxe4 Qc7 28. Qg3 Rxd2 29.
Rxd2 Rd8 30. Rxd8+ Qxd8 31. Nxg6 fxg6 32. Qxg6 Qf6 33.
Qe8+ Bf8 34. c4 bxc4 35. Ba3 Qf7 0-1

[Event "*** SCC Grand Prix: Titled Tuesday Blitz"]
[Site "Chess.com"]
[Date "2020.07.07"]
[Round "4"]
[White "tylityli"]
[Black "pfalcon1949"]
[Result "1-0"]
[WhiteElo "2170"]
[BlackElo "1933"]
[TimeControl "180+1"]
[EndTime "10:38:47 PDT"]
[Termination "tylityli won on time"]

1. d4 Nf6 2. c4 e6 3. Nc3 Bb4 4.
e3 b6 5. Ne2 c5 6. a3 Ba5 7.
Rb1 Na6 8. g3 Bb7 9. d5 b5 10. Bg2 bxc4 11. O-O O-O 12. d6 Bxg2 13. Kxg2 Qb6 14. e4 Qb7 15. f3 Rab8 16. Bg5 Qb3 17. Qd2 Rfe8 18. Bxf6 gxf6 19. Qh6 Bd8 20. Nf4 Qc2+ 21.
Rf2 Qd3 22. Nxd3 cxd3 23. f4 c4 24. e5 f5 25. g4 fxg4 26. f5 Kh8 27. f6 Rg8 28.
Rf4 Bb6 29. Rxc4 Nc5 30. b4 1-0

[Event "*** SCC Grand Prix: Titled Tuesday Blitz"]
[Site "Chess.com"]
[Date "2020.07.07"]
[Round "4"]
[White "if_name_main_a"]
[Black "talaicito"]
[Result "1-0"]
[WhiteElo "2401"]
[BlackElo "2143"]
[TimeControl "180+1"]
[EndTime "10:38:50 PDT"]
[Termination "if_name_main_a won on time"]

1. c4 e6 2. Nc3 f5 3. d4 Nf6 4.
Qc2 Bb4 5. Nf3 O-O 6. g3 d6 7.
Bg2 Bxc3+ 8. Qxc3 Nc6 9. O-O a5 10. b3 Ne4 11. Qc2 e5 12. Bb2 Qe8 13. a3 Bd7 14. Rad1 Nf6 15. Qd2 e4 16. Ng5 d5 17.
Nh3 a4 18. Nf4 axb3 19. cxd5 Ne7 20. Qb4 Nexd5 21. Qxb3 Bc6 22. Rc1 g5 23. Nh3 h6 24.
e3 Qh5 25. f3 exf3 26. Bxf3 Qxh3 27. Rc5 Rad8 28. Rfc1 Kh7 29. Rxc6 bxc6 30. Rxc6 1-0

[Event "*** SCC Grand Prix: Titled Tuesday Blitz"]
[Site "Chess.com"]
[Date "2020.07.07"]
[Round "4"]
[White "Benjoneliere44"]
[Black "Maghalashvili"]
[Result "0-1"]
[WhiteElo "2527"]
[BlackElo "2760"]
[TimeControl "180+1"]
[EndTime "10:38:52 PDT"]
[Termination "Maghalashvili won by resignation"]

1. d4 d5 2. c4 e6 3. Nc3 Be7 4. Nf3 Nf6 5. Bf4 O-O 6. e3 Nbd7 7. cxd5 Nxd5 8. Nxd5 exd5 9. a3 c5 10. Be2 c4 11.
O-O b5 12. Ne5 Bb7 13. Bf3 Nb6 14. Re1 Bd6 15. h3 f6 16. Ng4 Bxf4 17. exf4 Qd6 18.
g3 a5 19. Qd2 b4 20. f5 c3 21. bxc3 Nc4 22. Qc1 b3 23. Rb1 a4 24. Re6 Qxa3 25.
Qf4 Qa2 26. Rbe1 b2 27. Re7 b1=Q 28. Kg2 Qxe1 29. Rxe1 Qa3 30. Qc7 Rf7 31. Qf4 Qd6 32. Qc1 Re7 0-1

[Event "*** SCC Grand Prix: Titled Tuesday Blitz"]
[Site "Chess.com"]
[Date "2020.07.07"]
[Round "4"]
[White "Makswolf200817"]
[Black "peixe64"]
[Result "1-0"]
[WhiteElo "2511"]
[BlackElo "2324"]
[TimeControl "180+1"]
[EndTime "10:38:53 PDT"]
[Termination "Makswolf200817 won by resignation"]

1. d4 Nf6 2. c4 g6 3. Nf3 Bg7 4.
g3 O-O 5. Bg2 d5 6. O-O c6 7.
cxd5 cxd5 8. Ne5 Nc6 9. Nc3 e6 10. Bf4 Nd7 11. Nxc6 bxc6 12. Na4 e5 13. dxe5 Nxe5 14.
Rc1 Be6 15. Nc5 Rc8 16. b3 g5 17. Be3 h6 18. Qd2 Qe7 19. Nxe6 Qxe6 20. Bxa7 Ra8 21. Bc5 Rfe8 22. a4 Nd7 23. Bd4 Qxe2 24. Qxe2 Rxe2 25. Bxg7 Kxg7 26. Rxc6 Rb2 27. Bxd5 Rb8 28. Rc7 Rd8 29. a5 Ne5 30. Rd1 Ng4 31. Rxf7+ Kh8 32. Rf5 Ra2 33. b4 Rb2 34. Rd4 h5 35. Rxg5 Nf6 36.
Rf5 Nxd5 37. Rfxd5 Re8 38. Rxh5+ Kg7 39. a6 Re1+ 40. Kg2 Ree2 41. Rf4 1-0

[Event "*** SCC Grand Prix: Titled Tuesday Blitz"]
[Site "Chess.com"]
[Date "2020.07.07"]
[Round "4"]
[White "saraswathii"]
[Black "Iball95"]
[Result "0-1"]
[WhiteElo "2342"]
[BlackElo "2574"]
[TimeControl "180+1"]
[EndTime "10:38:54 PDT"]
[Termination "Iball95 won by resignation"]

1. e4 e5 2. d3 Nf6 3. Nf3 Nc6 4. g3 d5 5. exd5 Nxd5 6. Bg2 Be7 7. O-O O-O 8. Nbd2 Bf5 9. Nc4 f6 10.
Nh4 Be6 11. Ne3 Kh8 12. Qh5 Bf7 13.
Qf3 Nd4 14. Qd1 c6 15. c3 Ne6 16. Nef5 Qd7 17. Qg4 Rad8 18. d4 exd4 19. cxd4 g6 20. Nxe7 Nxe7 21. Bh6 Rfe8 22. Rad1 Nxd4 23. Qxd7 Rxd7 24.
Rfe1 Red8 25. Rd2 Nef5 26. Nxf5 Nxf5 27. Rxd7 Rxd7 28. Bf4 Bxa2 29. Ra1 Bd5 30. Bxd5 Rxd5 31. Rxa7 Rb5 32. Kg2 Rxb2 33. g4 Nh4+ 34. Kh3 g5 35.
Bg3 Ng6 0-1

[Event "*** SCC Grand Prix: Titled Tuesday Blitz"]
[Site "Chess.com"]
[Date "2020.07.07"]
[Round "4"]
[White "filali-marouan"]
[Black "secretsuperstar7"]
[Result "1-0"]
[WhiteElo "2406"]
[BlackElo "2109"]
[TimeControl "180+1"]
[EndTime "10:38:54 PDT"]
[Termination "filali-marouan won on time"]

1. e4 c5 2. Nf3 d6 3. d4 cxd4 4. Nxd4 Nf6 5. Nc3 a6 6. Be2 Nc6 7. O-O e5 8. Nb3 Be7 9. Kh1 Be6 10. f4 exf4 11. Bxf4 O-O 12. Nd4 Nxd4 13. Qxd4 Rc8 14. Rad1 Rc6 15. Rd3 Rc4 16. Qe3 Qc7 17. e5 dxe5 18.
Bxe5 Qc5 19. Qg3 Kh8 20. b3 Rb4 21. a3 Rb6 22. Ne4 Qxc2 23. Bd1 Qc1 24. Nxf6 gxf6 25. Rxf6 Rg8 26. Rg6+ f6 27. Rxg8+ Bxg8 28. Bd4 Re6 29. h3 Qg5 30. Qxg5 Re1+ 31. Kh2 Bd6+ 32. Qg3 Bxg3+ 33. Kxg3 Re7 34. Bxf6+ Rg7+ 35. Kh4 1-0

[Event "*** SCC Grand Prix: Titled Tuesday Blitz"]
[Site "Chess.com"]
[Date "2020.07.07"]
[Round "4"]
[White "temus_galaktionov"]
[Black "LedakovAlexandr"]
[Result "1-0"]
[WhiteElo "2658"]
[BlackElo "2481"]
[TimeControl "180+1"]
[EndTime "10:38:56 PDT"]
[Termination "temus_galaktionov won on time"]

1. d4 Nc6 2. Nf3 d6 3. c4 g6 4. e4 Bg4 5. Be2 Bxf3 6. Bxf3 Bg7 7. d5 Nb8 8. O-O Nf6 9. Nc3 O-O 10. Be3 Nfd7 11.
Qd2 Re8 12. Bd4 Bxd4 13. Qxd4 c6 14. Rad1 a5 15. h4 Qb6 16. Qd2 Kg7 17. h5 Nf6 18. g3 Nbd7 19. Kg2 h6 20. hxg6 fxg6 21. Rh1 Rh8 22. Be2 Rae8 23. Rh3 e6 24. dxc6 bxc6 25. Qxd6 e5 26. Na4 Qb8 27. f3 Qxd6 28. Rxd6 Rc8 29. Rh1 Rc7 30. Rhd1 Re8 31. b3 g5 32. Kf2 h5 33.
Ke3 Re7 34. Bf1 Nf8 35. Nc5 Kf7 36. Bh3 g4 37. fxg4 hxg4 38. Bf1 Kg7 39. Be2 N8h7 40. Ne6+ Rxe6 41. Rxe6 Kf7 42. Rdd6 1-0

[Event "*** SCC Grand Prix: Titled Tuesday Blitz"]
[Site "Chess.com"]
[Date "2020.07.07"]
[Round "4"]
[White "DarkAlekhine"]
[Black "hanzo_hasashi1"]
[Result "0-1"]
[WhiteElo "2631"]
[BlackElo "2845"]
[TimeControl "180+1"]
[EndTime "10:38:57 PDT"]
[Termination "hanzo_hasashi1 won by resignation"]

1. Nf3 Nf6 2. c4 e6 3. g3 b6 4.
Bg2 Bb7 5. O-O c5 6. Nc3 Be7 7. Re1 d5 8. cxd5 exd5 9. d4 Nc6 10. Bf4 O-O 11. Rc1 Rc8 12. h4 Nxd4 13. Nxd4 cxd4 14. Nb5 Rxc1 15. Bxc1 Qd7 16. Nxd4 Ne4 17. Qd3 Rc8 18. Be3 Bf6 19. Rd1 Nd6 20. Kh2 Qa4 21. Bf4 Ne4 22.
Bxe4 dxe4 23. Qb3 Qxb3 24. axb3 Rd8 25. e3 h6 26. h5 Bc8 27. Rc1 Bg4 28. Rc7 Bxd4 29.
exd4 Rxd4 30. Rxa7 Rd5 31. Kg2 Bf3+ 0-1

[Event "*** SCC Grand Prix: Titled Tuesday Blitz"]
[Site "Chess.com"]
[Date "2020.07.07"]
[Round "4"]
[White "ErikRonka"]
[Black "wild_cat99"]
[Result "1-0"]
[WhiteElo "2395"]
[BlackElo "2593"]
[TimeControl "180+1"]
[EndTime "10:38:57 PDT"]
[Termination "ErikRonka won by resignation"]

1. e4 c5 2. Nf3 d6 3. Bb5+ Bd7 4. Bxd7+ Qxd7 5. c4 Nf6 6. Nc3 g6 7. d4 cxd4 8. Nxd4 Bg7 9. O-O O-O 10. b3 a6 11. Bb2 Nc6 12. Nxc6 bxc6 13. Na4 Rab8 14.
Qe2 Qe6 15. Rfe1 Rfe8 16. e5 Ng4 17. exd6 Qxe2 18. Rxe2 exd6 19. Rae1 Rxe2 20. Rxe2 Bxb2 21. Nxb2 Kf8 22. Nd3 a5 23. h3 Nf6 24. c5 d5 25.
Ne5 a4 26. Nxc6 Rc8 27. Nd4 Rxc5 28. bxa4 Rc1+ 29. Kh2 Rc4 30. Nb5 Rxa4 31. f3 h5 32.
Rd2 Ke7 33. Nc3 Ke6 34. Nxa4 1-0

[Event "*** SCC Grand Prix: Titled Tuesday Blitz"]
[Site "Chess.com"]
[Date "2020.07.07"]
[Round "4"]
[White "antoszu"]
[Black "tlomigtlis"]
[Result "1-0"]
[WhiteElo "2541"]
[BlackElo "2364"]
[TimeControl "180+1"]
[EndTime "10:38:59 PDT"]
[Termination "antoszu won by checkmate"]

1. e4 c5 2. Nf3 d6 3. d4 cxd4 4.
Nxd4 Nf6 5. Nc3 a6 6. h4 e5 7. Nb3 Be6 8. f4 exf4 9. Bxf4 Nc6 10. Qd2 Be7 11. O-O-O Ne5 12. Nd5 Nxd5 13. exd5 Bf5 14. Nd4 Be4 15. Re1 Bxd5 16. Nf5 Be6 17. Nxg7+ Kf8 18.
Bh6 Kg8 19. Nxe6 fxe6 20. Qc3 Bf6 21. Be2 Rc8 22. Qg3+ Kf7 23. Rhf1 Rg8 24. Qf4 Rg4 25. Qe3 Qc7 26. c3 Rg6 27. Bh5 Ke7 28. Bxg6 hxg6 29. Bg5 Bxg5 30. Qxg5+ Kd7 31. Rxe5 dxe5 32. Rf7+ Kd6 33.
Rxc7 Rxc7 34. Qxg6 Rc4 35. Qd3+ Kc5 36. b4+ Kb5 37.
a4+ Kxa4 38. Qxc4 b5 39. Qxe6 Ka3 40. Kc2 a5 41. Qb3# 1-0

[Event "*** SCC Grand Prix: Titled Tuesday Blitz"]
[Site "Chess.com"]
[Date "2020.07.07"]
[Round "4"]
[White "Stronger1799"]
[Black "InitiatingASC"]
[Result "0-1"]
[WhiteElo "2496"]
[BlackElo "2338"]
[TimeControl "180+1"]
[EndTime "10:38:59 PDT"]
[Termination "InitiatingASC won on time"]

1. e4 c5 2. Nf3 Nc6 3. d4 cxd4 4. Nxd4 Nf6 5. Nc3 e5 6. Ndb5 h6 7. a4 d6 8. Bc4 Be7 9. O-O O-O 10. Be3 Be6 11. Qe2 a6 12. Na3 Nd4 13. Bxd4 exd4 14. Nd5 Nxd5 15. Bxd5 Bxd5 16. exd5 Bf6 17. Nc4 Re8 18.
Qd3 Qc7 19. a5 Qc5 20. Nb6 Rad8 21. Ra4 Re7 22. Qd2 Rde8 23. Rc4 Qb5 24. Qd3 Qxa5 25.
Nc8 Re1 26. g3 Qa1 27. Rxe1 Qxe1+ 28. Kg2 Qe5 29. f4 Qxd5+ 30. Kh3 Re3 0-1

[Event "*** SCC Grand Prix: Titled Tuesday Blitz"]
[Site "Chess.com"]
[Date "2020.07.07"]
[Round "4"]
[White "icychess54"]
[Black "ARMQUEEN"]
[Result "1-0"]
[WhiteElo "2265"]
[BlackElo "2415"]
[TimeControl "180+1"]
[EndTime "10:38:59 PDT"]
[Termination "icychess54 won by checkmate"]

1. c4 c5 2. Nf3 Nc6 3. Nc3 g6 4. d4 cxd4 5. Nxd4 Nf6 6. e3 Bg7 7. Be2 O-O 8. O-O d5 9. b3 e5 10. Nxc6 bxc6 11. cxd5 cxd5 12. Bb2 Bb7 13. Na4 Ne4 14.
f3 Ng5 15. Nc5 Bc6 16. Rc1 Rc8 17. Ba6 Rc7 18. Bc3 Qd6 19. Ba5 Re7 20. Bb4 Rb8 21. Nd3 Rxb4 22. Nxb4 Qxb4 23. Rxc6 Bh6 24. Qxd5 Ne6 25.
Rc8+ Kg7 26. Qxe5+ f6 27. Qc3 Qb6 28. Bc4 Bxe3+ 29. Kh1 Nf4 30. Re1 Nh5 31. Qd3 Re5 32. g4 Nf4 33. Qd8 Qb4 34. Rc7+ Kh6 35. Rxh7+ Kxh7 36. Qg8+ Kh6 37. Qh8+ Kg5 38. h4# 1-0

[Event "*** SCC Grand Prix: Titled Tuesday Blitz"]
[Site "Chess.com"]
[Date "2020.07.07"]
[Round "4"]
[White "Gordima"]
[Black "Thee-Chessboy"]
[Result "0-1"]
[WhiteElo "2721"]
[BlackElo "2536"]
[TimeControl "180+1"]
[EndTime "10:39:01 PDT"]
[Termination "Thee-Chessboy won by resignation"]

1. d4 Nf6 2. c4 g6 3. Nc3 Bg7 4. e4 d6 5. h3 O-O 6. Be3 c5 7. Nf3 cxd4 8. Nxd4 Nc6 9. Be2 Qd7 10. O-O Qd8 11.
Qc2 Bd7 12. Rad1 Rc8 13. f4 Nxd4 14. Bxd4 Bc6 15. b4 b6 16. e5 dxe5 17. fxe5 Ne8 18.
Qd2 Nc7 19. Bg4 Ne6 20. Bxe6 fxe6 21. Qe3 Qc7 22. c5 bxc5 23. bxc5 Rcd8 24. Rxf8+ Rxf8 25. Re1 Qb7 26. Ne4 Rd8 27. Bc3 Qa6 28. Nf6+ Kh8 29.
h4 Qxa2 30. Re2 Qb1+ 31. Kh2 Rd3 32. Rb2 Qxb2 0-1

[Event "*** SCC Grand Prix: Titled Tuesday Blitz"]
[Site "Chess.com"]
[Date "2020.07.07"]
[Round "4"]
[White "Stormeman100100"]
[Black "ElCoachRene"]
[Result "1-0"]
[WhiteElo "2435"]
[BlackElo "2233"]
[TimeControl "180+1"]
[EndTime "10:39:02 PDT"]
[Termination "Stormeman100100 won by resignation"]

1. d4 Nc6 2. d5 Ne5 3. e4 e6 4. Nf3 Nxf3+ 5. Qxf3 exd5 6. exd5 Qf6 7.
Nc3 Qxf3 8. gxf3 Bb4 9. Bd2 Nf6 10. Nb5 Bxd2+ 11. Kxd2 Nxd5 12. Bc4 a6 13. Bxd5 axb5 14.
Rae1+ Kf8 15. Re3 g6 16. Rhe1 Kg7 17. Re8 Rxe8 18. Rxe8 c6 19. Bb3 b6 20. Rd8 d5 21.
c3 Bb7 22. Rd7 Rb8 23. Ke3 Ba8 24. Kf4 Re8 25. h4 h5 26. Ra7 Rd8 27. Ra6 Rb8 28. Ra7 Rd8 29. Bc2 c5 30. Bd3 Bc6 31. Rc7 Rd6 32.
Bf1 Bd7 33. Ke5 Re6+ 34. Kxd5 Be8 35. Bh3 Rf6 36. Rc8 Kf8 37. Bd7 Kg7 38. Rxe8 1-0

[Event "*** SCC Grand Prix: Titled Tuesday Blitz"]
[Site "Chess.com"]
[Date "2020.07.07"]
[Round "4"]
[White "Shield12"]
[Black "timator"]
[Result "1-0"]
[WhiteElo "2835"]
[BlackElo "2629"]
[TimeControl "180+1"]
[EndTime "10:39:03 PDT"]
[Termination "Shield12 won by resignation"]

1. e4 e5 2. Nf3 Nc6 3. Nc3 Nf6 4. Be2 d6 5. d3 g6 6. O-O Bg7 7. Re1 O-O 8. d4 exd4 9. Nxd4 Re8 10. Nxc6 bxc6 11.
Bd3 d5 12. Bf4 Be6 13. h3 dxe4 14. Nxe4 Nxe4 15. Bxe4 Bxb2 16. Rb1 Bc3 17. Re3 Bg7 18. Bxc6 Qxd1+ 19. Rxd1 Rad8 20. Red3 Rxd3 21. Rxd3 Rf8 22. Bd5 Bf5 23. Ra3 Bd4 24. c4 Re8 25. g4 Re1+ 26.
Kg2 Be4+ 27. Bxe4 Rxe4 28. Kf3 Re7 29. Ra5 Kg7 30. Rd5 Bf6 31. Rc5 Bd4 32. Rxc7 Re1 33.
c5 Ra1 34. Rd7 Bc3 35. c6 1-0

[Event "*** SCC Grand Prix: Titled Tuesday Blitz"]
[Site "Chess.com"]
[Date "2020.07.07"]
[Round "4"]
[White "juniortay"]
[Black "SidArun"]
[Result "1-0"]
[WhiteElo "2363"]
[BlackElo "2197"]
[TimeControl "180+1"]
[EndTime "10:39:05 PDT"]
[Termination "juniortay won by checkmate"]

1. e4 c6 2. Nf3 d5 3. exd5 cxd5 4.
Ne5 Nc6 5. d4 Nxe5 6. dxe5 e6 7.
Bd3 Bc5 8. O-O Ne7 9. Nd2 Ng6 10. Nf3 Qc7 11. Qe2 Bd7 12. c3 a6 13. a4 Rb8 14.
Re1 b5 15. axb5 axb5 16. Ng5 Nxe5 17. Qxe5 Qxe5 18. Rxe5 f6 19. Re2 fxg5 20. Bxg5 O-O 21. b4 Bb6 22. Be7 Rf7 23. Bd6 Rc8 24. Be5 Rcf8 25.
Bg3 Bd8 26. Ra7 Bf6 27. Be5 Bxe5 28. Rxe5 Rxf2 29. Rxd7 Rd2 30. Bxh7+ Kxh7 31. h4 Rd3 32. Rg5 Rg8 33. Rc7 Re3 34. Rc5 e5 35. Rc6 d4 36.
Rh5# 1-0

[Event "*** SCC Grand Prix: Titled Tuesday Blitz"]
[Site "Chess.com"]
[Date "2020.07.07"]
[Round "4"]
[White "BogdanDeac"]
[Black "GMNickPert"]
[Result "0-1"]
[WhiteElo "2809"]
[BlackElo "2647"]
[TimeControl "180+1"]
[EndTime "10:39:08 PDT"]
[Termination "GMNickPert won by resignation"]

1. Nf3 Nf6 2. c4 b6 3. d4 e6 4. g3 Bb7 5. Bg2 g6 6. O-O Bg7 7. Qc2 O-O 8. Nc3 d5 9. Ne5 Na6 10. Bg5 h6 11. Bxf6 Bxf6 12. Nxg6 fxg6 13. Qxg6+ Bg7 14. Qxe6+ Kh8 15. cxd5 Nb4 16. Rad1 Rf6 17. Qg4 Nxd5 18. e4 Nxc3 19. bxc3 Qe8 20. e5 Rg6 21. Qf5 Bxg2 22. Kxg2 Qc6+ 23. d5 Qe8 24. f4 Rd8 25. h4 b5 26. e6 Bxc3 27. Qd3 b4 28. Kh3 Rxe6 29. Rc1 Re3 30. Qc4 Qg6 0-1

[Event "*** SCC Grand Prix: Titled Tuesday Blitz"]
[Site "Chess.com"]
[Date "2020.07.07"]
[Round "4"]
[White "Balla_Tamas"]
[Black "VishnuPrasanna"]
[Result "0-1"]
[WhiteElo "2521"]
[BlackElo "2745"]
[TimeControl "180+1"]
[EndTime "10:39:08 PDT"]
[Termination "VishnuPrasanna won by resignation"]

1. d4 Nf6 2. Bf4 e6 3. e3 c5 4.
c3 Nc6 5. h3 Nd5 6. Bh2 f5 7.
Nd2 cxd4 8. exd4 Be7 9. Ngf3 O-O 10. Bc4 Nb6 11. Bb3 f4 12. Qe2 d5 13. O-O Bd7 14.
Rfe1 Bd6 15. c4 Bc7 16. c5 Nc8 17. Bc2 Qf6 18. Qd3 g6 19. a3 N8e7 20. b4 a6 21. Nb3 Rf7 22. Rad1 g5 23. Qc3 h5 24. Ne5 Nxe5 25. dxe5 Qg7 26. Nd4 Raf8 27. Qd3 g4 28. hxg4 hxg4 29. a4 Nf5 30. Nxf5 Rxf5 31. Qd4 Bxe5 32.
Qd3 g3 33. fxg3 fxg3 0-1

[Event "*** SCC Grand Prix: Titled Tuesday Blitz"]
[Site "Chess.com"]
[Date "2020.07.07"]
[Round "4"]
[White "TheLawAdv"]
[Black "ahachess"]
[Result "1/2-1/2"]
[WhiteElo "2055"]
[BlackElo "2274"]
[TimeControl "180+1"]
[EndTime "10:39:11 PDT"]
[Termination "Game drawn by agreement"]

1. e4 c5 2. Nc3 Nc6 3. g3 g6 4. Bg2 Bg7 5. d3 e6 6. Be3 d6 7.
Qd2 Rb8 8. Nge2 Nd4 9. O-O Ne7 10. Rac1 O-O 11. Bh6 b5 12. Bxg7 Kxg7 13. Nxd4 cxd4 14. Ne2 Qb6 15. c3 dxc3 16. Qxc3+ Kg8 17. Qc7 Re8 18.
Qxb6 Rxb6 19. Rc7 Bb7 20. Rfc1 Kf8 21. Nd4 Rc8 22. b4 Ke8 23. Rxc8+ Bxc8 24. Rc7 a6 25. f4 Kd8 26. Rc3 Bd7 27. Kf2 Nc6 28. Nxc6+ Rxc6 29. Rxc6 Bxc6 30. Ke3 Kc7 31. d4 Kb6 32. a3 a5 33.
Bf1 axb4 34. axb4 Bd7 35. g4 f6 36. h4 h6 37. g5 fxg5 38. fxg5 hxg5 39. hxg5 e5 40. dxe5 dxe5 41. Be2 Kc7 42. Bd3 Kd6 1/2-1/2

[Event "*** SCC Grand Prix: Titled Tuesday Blitz"]
[Site "Chess.com"]
[Date "2020.07.07"]
[Round "4"]
[White "MiroVlasenko"]
[Black "Sanyura"]
[Result "0-1"]
[WhiteElo "2623"]
[BlackElo "2485"]
[TimeControl "180+1"]
[EndTime "10:39:12 PDT"]
[Termination "Sanyura won by resignation"]

1. d4 Nf6 2. Bg5 Ne4 3. Bf4 c5 4. d5 e6 5. f3 Qa5+ 6. c3 Nf6 7. e4 exd5 8. exd5 d6 9. Qd2 Be7 10.
c4 Qd8 11. Nc3 O-O 12. Bd3 Re8 13. Nge2 a6 14. a4 Nh5 15. Be3 Nd7 16. b3 Ne5 17. Bc2 Bh4+ 18. Kf1 Qe7 19. Bf2 Bxf2 20. Kxf2 Qh4+ 21.
g3 Qf6 22. Be4 Bh3 23. Rhe1 Re7 24. Kg1 Qxf3 25. Qg5 f6 26. Qxe5 Qxe4 27. Nxe4 Rxe5 28. Nxd6 b6 29. Kf2 Rd8 30. Nb7 Rd7 31. Nf4 Nxf4 32. gxf4 Rxe1 33. Rxe1 Rxb7 34. Re8+ Kf7 35. Ra8 a5 36.
Rd8 Bf5 37. Kg3 Bc2 0-1

[Event "*** SCC Grand Prix: Titled Tuesday Blitz"]
[Site "Chess.com"]
[Date "2020.07.07"]
[Round "4"]
[White "ErikBlomqvist"]
[Black "Reader777"]
[Result "1/2-1/2"]
[WhiteElo "2510"]
[BlackElo "2668"]
[TimeControl "180+1"]
[EndTime "10:39:13 PDT"]
[Termination "Game drawn by repetition"]

1. e4 c5 2. Nf3 d6 3. d4 cxd4 4. Qxd4 a6 5. Be2 Nc6 6. Qe3 g6 7. O-O Bg7 8. h3 Nf6 9. c4 O-O 10. Nc3 Nd7 11. b3 Nde5 12. Rd1 Qa5 13. Bb2 Nxf3+ 14. Bxf3 Qc5 15. Qd2 Nd4 16. Be2 Nxe2+ 17.
Qxe2 Qg5 18. Kh1 f5 19. exf5 Bxf5 20. Re1 Rae8 21. Nd5 Bxb2 22. Qxb2 e6 23. Nc3 Bxh3 24. gxh3 Rf3 25. Re3 Rxe3 26. fxe3 Qxe3 27. Rf1 Qxh3+ 28. Kg1 Qg3+ 29. Kh1 Qh3+ 30. Kg1 Qg3+ 31. Kh1 Qh3+ 1/2-1/2